 Dungeon Crawl Stone Soup version 0.18.1-47-g9310371 (console) character file.

277 Kloppie the Cudgeler (level 6, -6/57 HPs)
             Began as a Minotaur Berserker on June 23, 2016.
             Was a Believer of Trog.
             Mangled by a gnoll
             ... wielding a +0 halberd
              (9 damage)
             ... on level 3 of the Dungeon.
             The game lasted 00:03:27 (2898 turns).

Kloppie the Cudgeler (Minotaur Berserker)           Turns: 2898, Time: 00:03:28

Health: -6/57      AC:  6    Str: 21    XL:     6   Next: 4%
Magic:  5/5        EV: 10    Int:  4    God:    Trog [**....]
Gold:   170        SH:  0    Dex: 12    Spells: 0 memorised, 5 levels left

rFire  . . .     SeeInvis .     a - +0 flail
rCold  . . .     Gourm    .     s - +0 scale mail
rNeg   . . .     Faith    .     (no shield)
rPois  .         Spirit   .     (helmet restricted)
rElec  .         Dismiss  .     (no cloak)
rCorr  .         Reflect  .     (no gloves)
SustAt .         Harm     .     (no boots)
MR     .....                    (no amulet)
Stlth  ..........               (no ring)
                                (no ring)

@: not resistant to hostile enchantments, extremely unstealthy
A: retaliatory headbutt, horns 2
a: Berserk, Trog's Hand, Burn Spellbooks, Renounce Religion


You were on level 3 of the Dungeon.
You worshipped Trog.
Trog was pleased with you.
You were near starving.

You visited 1 branch of the dungeon, and saw 4 of its levels.

You collected 170 gold pieces.

Inventory:

Hand Weapons
 a - a +0 flail (weapon)
 v - a +0 mace
Armour
 q - a +0 chain mail
 s - a +0 scale mail (worn)
Wands
 w - a wand of acid (3/15)
Scrolls
 e - a scroll of identify {unknown}
 k - 2 scrolls of random uselessness {unknown}
 l - a scroll of teleportation {unknown}
 m - a scroll of immolation {unknown}
 n - a scroll of remove curse {unknown}
 o - 2 scrolls of recharging {unknown}
 p - a scroll of fear {unknown}
 u - a scroll of noise {unknown}
Potions
 b - a potion of flight {unknown}
 d - a potion of degeneration {unknown}
 h - a potion of agility {unknown}
 i - a potion of magic {unknown}
 r - a potion of brilliance {unknown}
 x - a potion of mutation {unknown}
Comestibles
 c - 2 bread rations
 f - a slice of pizza
 g - 3 meat rations
 j - 4 fruits
 t - a royal jelly
 z - 2 chunks of flesh


   Skills:
 + Level 6.3 Fighting
 + Level 6.3 Maces & Flails
 - Level 2.4 Armour
 - Level 2.1 Dodging


You had 5 spell levels left.
You didn't know any spells.

Dungeon Overview and Level Annotations

Branches:
Dungeon (4/15)             Temple (0/1) D:4

Altars:
Nemelex Xobeh


Innate Abilities, Weirdness & Mutations

You reflexively headbutt those who attack you in melee.
You have a pair of horns on your head.


Message History

* * * LOW HITPOINT WARNING * * *
The gnoll hits you from afar with a halberd.
* * * LOW HITPOINT WARNING * * *
Drink which item? (? for menu, Esc to quit)
Okay, then.
You're too hungry to go berserk.
You barely miss the hungry ghost. Your headbutt misses the hungry ghost.
The hungry ghost is almost destroyed.
The hungry ghost hits you.
You feel somewhat more hungry.
The orc wizard hits you but does no damage.
You hit the hungry ghost. You headbutt the hungry ghost.
You destroy the hungry ghost!
Your Fighting skill increases to level 6!
Your Maces & Flails skill increases to level 6!
You have reached level 6!
Your experience leads to an increase in your attributes!
Increase (S)trength, (I)ntelligence, or (D)exterity?
You feel agile.
The gnoll hits you from afar with a halberd!
You die...

# # # # ##### ##### #...#
#####...#
#...###...#...#### ######
....'.'...'...go@# #....#
#...###...#...##[# #....#
##### #...#...##o###....# #
#...#...#.........#########
#
#...#...#..###....#........
#
#(..#...#..#....).#.#######
# #####...#..#.######.# # #
#####..#...# #.# # #
#..###.# #.# #


You could see an orc wizard, a gnoll and an orc.

Vanquished Creatures
  A hungry ghost (D:3)
  An orc priest (D:3)
  An orc wizard (D:3)
  2 adders
  2 worms (D:2)
  3 dart slugs
  A giant gecko (D:2)
  7 orcs
  6 bats
  3 giant cockroaches
  5 hobgoblins
  6 jackals
  A quokka (D:3)
  4 giant newts (D:3)
  7 goblins
  7 kobolds
  5 rats
62 creatures vanquished.

Notes
Turn   | Place    | Note
--------------------------------------------------------------
     0 | D:1      | Kloppie the Minotaur Berserker began the quest for the Orb.
     0 | D:1      | Reached XP level 1. HP: 19/19 MP: 0/0
   178 | D:1      | Reached XP level 2. HP: 21/27 MP: 1/1
   959 | D:2      | Reached ** piety under Trog
   991 | D:2      | Reached XP level 3. HP: 34/34 MP: 2/2
  1619 | D:2      | Reached skill level 5 in Fighting
  1903 | D:3      | Reached XP level 4. HP: 42/42 MP: 3/3
  2057 | D:3      | Reached skill level 5 in Maces & Flails
  2600 | D:3      | Found a sparkling altar of Nemelex Xobeh.
  2853 | D:4      | Found a staircase to the Ecumenical Temple.
  2853 | D:4      | Noticed a hungry ghost
  2864 | D:3      | Reached XP level 5. HP: 45/49 MP: 4/4
  2896 | D:3      | HP: 2/49 [gnoll/halberd (4)]
  2898 | D:3      | Killed a hungry ghost
  2898 | D:3      | Reached XP level 6. HP: 3/57 MP: 5/5
  2898 | D:3      | Mangled by a gnoll

Skill      XL: |  1  2  3  4  5 |
---------------+----------------+-----
Maces & Flails | 4 5 6 |  6.3
Fighting       | 4 5 6 |  6.3
Armour         | |  2.4
Dodging        | |  2.1

Action                   |  1- 3 |  4- 6 || total
-------------------------+-------+-------++-------
Melee: Mace              |   105 |    33 ||   138
       Headbutt          |    15 |     6 ||    21
       Flail             |       |    23 ||    23
Invok: Berserk           |     1 |     1 ||     2
       Trog's Hand       |       |     1 ||     1
  Eat: Chunk             |     4 |     6 ||    10
Armor: Animal skin       |    21 |       ||    21
       Scale mail        |     5 |    30 ||    35
Dodge: Dodged            |    75 |    48 ||   123
